 Dungeon Crawl Stone Soup version 0.17-a0-1945-gfe993df (webtiles) character file.

76 Kuldar the Ducker (level 4, 1/27 HPs)
             Began as a Deep Elf Abyssal Knight on Oct 1, 2015.
             Was a Believer of Lugonu.
             Quit the game on level 2 of the Dungeon.
             The game lasted 00:07:14 (2429 turns).

Kuldar the Ducker (Deep Elf Abyssal Knight)         Turns: 2429, Time: 00:07:14

Health: 1/27       AC: 12    Str:  7 (9)  XL:     4   Next: 12%
Magic:  7/7        EV:  0    Int: 23      God:    Lugonu [**....]
Gold:   14         SH:  0    Dex: 14      Spells: 0 memorised, 3 levels left

rFire  . . .     SeeInvis .     a - +1 falchion
rCold  . . .     Clarity  .     b - +0 plate armour
rNeg   . . .     SustAt   .     (no shield)
rPois  .         Gourm    .     (no helmet)
rElec  .         Spirit   .     h - +1 cloak
rCorr  .         Warding  .     (no gloves)
rMut   .         Stasis   .     (no boots)
MR     .....                    (no amulet)
Stlth  ..........               (no ring)
                                (no ring)

@: brilliant, lethally poisoned (1 -> 0), not resistant to hostile enchantments,
extremely unstealthy
A: no striking features
a: Depart the Abyss, Bend Space, Renounce Religion


You were on level 2 of the Dungeon.
You worshipped Lugonu.
Lugonu was pleased with you.
You were not hungry.

You visited 1 branch of the dungeon, and saw 2 of its levels.
You visited the Abyss 1 time.

You collected 14 gold pieces.

Inventory:

Hand weapons
 a - a +1 falchion (weapon)
Armour
 b - a +0 plate armour (worn)
 h - a +1 cloak (worn)
Scrolls
 e - 2 scrolls of identify {unknown}
 f - a scroll of amnesia {unknown}
Comestibles
 c - 3 bread rations
 i - 4 chunks of flesh


   Skills:
 * Level 2.7 Fighting
 * Level 2.1 Long Blades
 * Level 2.0 Armour
 * Level 3.2 Dodging
 * Level 2.4 Invocations


You had 3 spell levels left.
You didn't know any spells.

Dungeon Overview and Level Annotations

Branches:
Dungeon (2/15)

Altars:
Okawaru


Message History

You feel sick.
* * * LOW HITPOINT WARNING * * *
You feel sick.
You are starting to lose your buoyancy.
* * * LOW HITPOINT WARNING * * *
You feel sick.
* * * LOW HITPOINT WARNING * * *
You feel sick.
* * * LOW HITPOINT WARNING * * *
You feel sick.
You float gracefully downwards.
There is a stone staircase leading up here.
* * * LOW HITPOINT WARNING * * *
You feel sick.
* * * LOW HITPOINT WARNING * * *
You feel sick.
Found 6 gold pieces.
Quiver which item? (- for none, * to show all) (? for menu, Esc to quit)
Okay, then.
Are you sure you want to abandon this character and quit the game? (Confirm with "yes".)

####### # #....$.# ..
+.... .# ... ###......
.... ..).... .....
#.....###########
......#.###.#.........##
.....>.@.........†....÷.
#########.###.........##
#.###....######
#........# #.......####
#..........#####
#<####.......... ###
#..#...♣... #.....♣.♣ .


There were no monsters in sight!

Vanquished Creatures
  An adder (D:2)
  An ooze (D:1)
  A worm (D:2)
  A giant gecko (D:2)
  3 ball pythons
  8 bats
  4 hobgoblins
  10 jackals
  4 kobolds (D:1)
  5 giant cockroaches (D:1)
  3 giant newts
  6 goblins
  A quokka (D:2)
  8 rats
56 creatures vanquished.

Notes
Turn   | Place    | Note
--------------------------------------------------------------
     0 | Abyss:1  | Kuldar the Deep Elf Abyssal Knight began the quest for the Orb.
     0 | Abyss:1  | Reached XP level 1. HP: 13/13 MP: 4/4
    41 | Abyss:1  | Noticed an orange demon
    68 | D:1      | Escaped the Abyss
   186 | D:1      | Acquired Lugonu's first power
   214 | D:1      | Reached skill level 1 in Armour
   220 | D:1      | Reached XP level 2. HP: 15/18 MP: 5/5
   803 | D:1      | Reached XP level 3. HP: 19/22 MP: 6/6
   809 | D:1      | Reached skill level 3 in Dodging
  1503 | D:2      | Found a faded altar to an unknown god.
  2053 | D:2      | Acquired Lugonu's second power
  2369 | D:2      | Reached XP level 4. HP: 25/27 MP: 7/7
  2371 | D:2      | Found an iron altar of Okawaru.
  2426 | D:2      | HP: 1/27 [poisoned by an adder]
  2429 | D:2      | Quit the game

Vault maps used:
D:1:      kilobyte_arrival_exit_the_forest, hex_medium, minmay_crystal_room
D:2:      okawaru_trees_2, ecumenical_altar_1, first_bread
Abyss:1:  hangedman_cross_veins

Action                   |  1- 3 |  4- 6 || total
-------------------------+-------+-------++-------
Melee: Falchion          |   211 |    27 ||   238
Invok: Depart the Abyss  |     1 |       ||     1
  Use: Potion            |       |     4 ||     4
  Eat: Chunk             |     5 |       ||     5
